Rock Island Raccoons vs Tucson Roadrunners
Created - Wednesday, May 31, 2023 at 09:33
Goals
|
| Rock Island Raccoons |
2 |
0 |
2 |
4 |
| Tucson Roadrunners |
0 |
1 |
1 |
2 |
|
Shots
|
| Rock Island Raccoons |
17 |
3 |
9 |
29 |
| Tucson Roadrunners |
9 |
2 |
18 |
29 |
|
1st period
1. Rock Island Raccoons , Sam Carrick 3 (Cole Caufield 3, Dryden Hunt 2) at 12:17
2. Rock Island Raccoons , Brendan Smith 23 (Mathieu Perreault 35) at 18:02
Penalties :
Carson Soucy (TRR) for Hooking (Minor) at 9:35
2nd period
3. Tucson Roadrunners , Justin Danforth 25 (Matthew Highmore 24, Matthew Nieto 41) at 10:08 (PP)
Penalties :
Ben Harpur (RIR) for Holding (Minor) at 8:48
3rd period
4. Tucson Roadrunners , Justin Danforth 26 (Matthew Nieto 42) at 1:38 (PP)
5. Rock Island Raccoons , Dryden Hunt 4 (Cole Caufield 4, Alex Barre-Boulet 17) at 8:05
6. Rock Island Raccoons , Andrew Ladd 10 (Filip Chytil 28, Logan Stanley 11) at 9:50
Penalties :
Ryan Lindgren (RIR) for Hooking (Minor) at 1:34, Ben Harpur (RIR) for Roughing (Minor) at 5:51, Andrew Ladd (RIR) for Hooking (Minor) at 11:54, Marian Studenic (TRR) for Interference (Minor) at 15:19, Simon Benoit (TRR) for Goalie Interference (Minor) at 15:43, Carson Soucy (TRR) for Roughing (Minor) at 18:33
Goalie Stats
Braden Holtby (RIR), 27 saves from 29 shots - (0.931), W, 38-11-1, 60:00 minutes
Martin Jones (TRR), 25 saves from 29 shots - (0.862), L, 22-15-6, 60:00 minutes
Players Stats for Rock Island Raccoons
Player Name G A P +/- PIM S H SB GA TA FO MP PP MP PK MP
------------------------------------------------------------------------------------
Alex Barre-Boulet 0 1 1 2 0 0 1 0 0 0 2/2 3:27 0:12 0:00
Andrew Ladd 1 0 1 1 2 3 2 0 1 1 1/2 19:38 2:27 1:29
Andy Greene 0 0 0 0 0 0 2 3 0 0 0/0 26:42 3:21 2:14
Ben Harpur 0 0 0 3 4 1 0 2 0 0 0/0 17:15 2:27 0:04
Brendan Smith 1 0 1 1 0 3 1 0 0 0 0/1 21:08 3:09 3:08
Brian Boyle 0 0 0 0 0 1 2 0 0 0 2/8 14:33 0:00 1:29
Cole Caufield 0 2 2 2 0 6 2 2 2 0 0/3 23:40 3:09 2:27
Damien Giroux 0 0 0 0 0 0 0 0 0 0 0/0 0:34 0:12 0:00
Drake Caggiula 0 0 0 1 0 4 2 0 0 0 0/0 18:13 2:27 0:09
Dryden Hunt 1 1 2 2 0 1 1 0 0 0 1/1 6:27 0:00 0:00
Filip Chytil 0 1 1 1 0 2 2 0 1 0 8/11 20:38 2:27 2:39
Greg McKegg 0 0 0 0 0 2 1 0 0 0 0/1 13:16 0:12 0:00
Gustav Lindstrom 0 0 0 1 0 0 0 0 0 0 0/0 12:25 0:00 0:00
Logan Stanley 0 1 1 3 0 0 0 0 0 2 0/0 20:56 2:27 3:08
Mathieu Perreault 0 1 1 1 0 2 1 1 0 0 12/18 19:16 3:09 2:31
Nate Thompson 0 0 0 0 0 1 0 1 0 0 0/1 12:58 0:00 0:00
Ryan Lindgren 0 0 0 0 2 2 0 0 0 1 0/0 26:34 3:21 2:10
Sam Carrick 1 0 1 2 0 1 4 0 1 0 3/6 16:54 0:00 0:00
Players Stats for Tucson Roadrunners
Player Name G A P +/- PIM S H SB GA TA FO MP PP MP PK MP
------------------------------------------------------------------------------------
Andre Lee 0 0 0 -1 0 0 0 0 0 0 0/0 6:27 0:00 0:00
Ben Jones 0 0 0 -4 0 3 1 1 0 0 3/6 17:02 0:00 0:00
Carson Soucy 0 0 0 -2 4 1 3 0 0 0 0/0 24:32 1:58 0:53
Gage Goncalves 0 0 0 0 0 0 0 0 0 0 0/0 1:23 0:00 0:00
Justin Danforth 2 0 2 0 0 8 0 1 0 0 8/18 19:02 2:57 1:53
Lukas Rousek 0 0 0 -3 0 1 0 0 0 0 0/1 13:02 0:00 0:00
Marian Studenic 0 0 0 0 2 0 2 0 2 0 0/2 17:33 2:25 0:11
Matthew Highmore 0 1 1 0 0 0 2 0 1 2 1/3 16:47 2:57 0:00
Matthew Nieto 0 2 2 -1 0 5 2 1 0 0 3/5 23:46 2:57 3:07
Michal Kempny 0 0 0 -1 0 1 1 0 0 0 0/0 12:58 0:00 0:26
Mikhail Maltsev 0 0 0 -3 0 3 2 0 1 0 4/7 13:02 0:00 0:00
Nick Seeler 0 0 0 -1 0 2 2 0 0 0 0/0 15:51 0:00 3:08
Nicolas Meloche 0 0 0 -1 0 1 0 0 0 0 0/0 20:26 3:24 2:27
Owen Sillinger 0 0 0 0 0 0 1 0 0 0 0/0 3:50 0:00 0:00
Robert Hagg 0 0 0 -2 0 0 2 1 0 1 0/0 26:49 1:58 3:08
Scott Reedy 0 0 0 0 0 1 5 0 0 0 5/11 19:38 2:25 1:53
Simon Benoit 0 0 0 -1 2 2 1 0 0 2 0/0 19:54 3:24 1:33
William Carrier 0 0 0 0 0 1 0 0 0 0 1/1 20:31 2:25 2:57
3 Stars
1 - Dryden Hunt (RIR)
2 - Sam Carrick (RIR)
3 - Cole Caufield (RIR)
Power Play
Rock Island Raccoons - 0 on 4 Attempt(s) - 0.00%
Tucson Roadrunners - 2 on 4 Attempt(s) - 50.00%
Penalty Kill
Rock Island Raccoons - 2 on 4 Attempt(s) - 50.00%
- Score 0 goal in Penalty Kill
Tucson Roadrunners - 4 on 4 Attempt(s) - 100.00%
- Score 0 goal in Penalty Kill
Team Stat
Rock Island Raccoons - Hits : 21 - Faceoff Wins : 29 - Blocked Shots : 9 - Penalty Minutes : 8
Tucson Roadrunners - Hits : 24 - Faceoff Wins : 25 - Blocked Shots : 4 - Penalty Minutes : 8
Official
Referees : Chris Lee and Francis Charron
Linesman : Shandor Alphonso and Lonnie Cameron
Game Notes
No Game Note
Rock Island Raccoons
5 vs 5 Forward
Center Left Wing Right Wing Time % Phy DF OF
1 Mathieu Perreault Brendan Smith Cole Caufield 30 1 2 2
2 Filip Chytil Andrew Ladd Drake Caggiula 30 1 2 2
3 Brian Boyle Nate Thompson Greg McKegg 25 1 2 2
4 Sam Carrick Dryden Hunt Cole Caufield 15 1 2 2
5 vs 5 Defense
Defense Defense Time % Phy DF OF
1 Andy Greene Ryan Lindgren 30 1 2 2
2 Logan Stanley Ben Harpur 30 1 2 2
3 Gustav Lindstrom Sam Carrick 25 1 2 2
4 Andy Greene Ryan Lindgren 15 1 2 2
PowerPlay Forward
Center Left Wing Right Wing Time % Phy DF OF
1 Mathieu Perreault Brendan Smith Cole Caufield 50 1 2 2
2 Filip Chytil Andrew Ladd Drake Caggiula 50 1 2 2
PowerPlay Defense
Defense Defense Time % Phy DF OF
1 Andy Greene Ryan Lindgren 50 1 2 2
2 Logan Stanley Ben Harpur 50 1 2 2
Penalty Kill 4 Players Forward
Center Wing Time % Phy DF OF
1 Cole Caufield Mathieu Perreault 50 1 2 2
2 Andrew Ladd Filip Chytil 50 1 2 2
Penalty Kill 4 Players Defense
Defense Defense Time % Phy DF OF
1 Andy Greene Ryan Lindgren 50 1 2 2
2 Logan Stanley Brendan Smith 50 1 2 2
Penalty Kill - 3 Players Forward
Forward Time % Phy DF OF
1 Cole Caufield 50 1 2 2
2 Mathieu Perreault 50 1 2 2
Penalty Kill - 3 Players Defense
Defense Defense Time % Phy DF OF
1 Andy Greene Ryan Lindgren 50 1 2 2
2 Logan Stanley Brendan Smith 50 1 2 2
4 vs 4 Forward
Center Wing Time % Phy DF OF
1 Cole Caufield Mathieu Perreault 50 1 2 2
2 Andrew Ladd Filip Chytil 50 1 2 2
4 vs 4 Defense
Defense Defense Time % Phy DF OF
1 Andy Greene Ryan Lindgren 50 1 2 2
2 Logan Stanley Brendan Smith 50 1 2 2
Last Minutes Offensive
Center Left Wing Right Wing Defense Defense
Mathieu Perreault Brendan Smith Cole Caufield Andy Greene Ryan Lindgren
Last Minutes Defensive
Center Left Wing Right Wing Defense Defense
Mathieu Perreault Brendan Smith Cole Caufield Andy Greene Ryan Lindgren
Goaltenders
Starting : Braden Holtby
Backup : Mikko Koskinen
Extra Forwards
Normal : Alex Barre-Boulet, Damien Giroux, Brian Boyle - PP : Alex Barre-Boulet, Damien Giroux - PK : Brian Boyle
Extra Defensemen
Normal : Gustav Lindstrom, Ben Harpur, Logan Stanley - PP : Gustav Lindstrom - PK : Ben Harpur, Logan Stanley
Penalty Shots
Cole Caufield, Mathieu Perreault, Brendan Smith, Andrew Ladd, Filip Chytil
Tucson Roadrunners
5 vs 5 Forward
Center Left Wing Right Wing Time % Phy DF OF
1 Justin Danforth Matthew Nieto Matthew Highmore 30 1 2 2
2 Scott Reedy William Carrier Marian Studenic 30 1 2 2
3 Mikhail Maltsev Lukas Rousek Ben Jones 25 1 2 2
4 Ben Jones Andre Lee Matthew Nieto 15 1 2 2
5 vs 5 Defense
Defense Defense Time % Phy DF OF
1 Carson Soucy Robert Hagg 30 1 2 2
2 Nicolas Meloche Simon Benoit 30 1 2 2
3 Michal Kempny Nick Seeler 25 1 2 2
4 Carson Soucy Robert Hagg 15 1 2 2
PowerPlay Forward
Center Left Wing Right Wing Time % Phy DF OF
1 Justin Danforth Matthew Nieto Matthew Highmore 50 1 2 2
2 Scott Reedy William Carrier Marian Studenic 50 1 2 2
PowerPlay Defense
Defense Defense Time % Phy DF OF
1 Carson Soucy Robert Hagg 50 1 2 2
2 Nicolas Meloche Simon Benoit 50 1 2 2
Penalty Kill 4 Players Forward
Center Wing Time % Phy DF OF
1 Matthew Nieto William Carrier 50 1 2 2
2 Justin Danforth Scott Reedy 50 1 2 2
Penalty Kill 4 Players Defense
Defense Defense Time % Phy DF OF
1 Carson Soucy Robert Hagg 50 1 2 2
2 Nicolas Meloche Simon Benoit 50 1 2 2
Penalty Kill - 3 Players Forward
Forward Time % Phy DF OF
1 Matthew Nieto 50 1 2 2
2 William Carrier 50 1 2 2
Penalty Kill - 3 Players Defense
Defense Defense Time % Phy DF OF
1 Carson Soucy Robert Hagg 50 1 2 2
2 Nicolas Meloche Simon Benoit 50 1 2 2
4 vs 4 Forward
Center Wing Time % Phy DF OF
1 Matthew Nieto William Carrier 50 1 2 2
2 Justin Danforth Scott Reedy 50 1 2 2
4 vs 4 Defense
Defense Defense Time % Phy DF OF
1 Carson Soucy Robert Hagg 50 1 2 2
2 Nicolas Meloche Simon Benoit 50 1 2 2
Last Minutes Offensive
Center Left Wing Right Wing Defense Defense
Justin Danforth Matthew Nieto Matthew Highmore Carson Soucy Robert Hagg
Last Minutes Defensive
Center Left Wing Right Wing Defense Defense
Justin Danforth Matthew Nieto Matthew Highmore Carson Soucy Robert Hagg
Goaltenders
Starting : Martin Jones
Backup : Jaroslav Halak
Extra Forwards
Normal : Owen Sillinger, Gage Goncalves, Mikhail Maltsev - PP : Owen Sillinger, Gage Goncalves - PK : Mikhail Maltsev
Extra Defensemen
Normal : Michal Kempny, Nick Seeler, Nicolas Meloche - PP : Michal Kempny - PK : Nick Seeler, Nicolas Meloche
Penalty Shots
Matthew Nieto, William Carrier, Justin Danforth, Scott Reedy, Matthew Highmore
% Time on Ice - Rock Island Raccoons
Lines # - Real PCT - Wanted PCT - Time Play
Normal Forward
1 - 28% - 30% - 13:36
2 - 32% - 30% - 15:49
3 - 27% - 25% - 12:58
4 - 13% - 15% - 6:27
Normal Defense
1 - 30% - 30% - 14:49
2 - 31% - 30% - 15:21
3 - 25% - 25% - 12:25
4 - 13% - 15% - 6:15
PP Forward
1 - 54% - 50% - 3:09
2 - 46% - 50% - 2:39
PP Defense
1 - 58% - 50% - 3:21
2 - 42% - 50% - 2:27
PK Forward
1 - 48% - 50% - 2:34
2 - 52% - 50% - 2:48
PK Defense
1 - 42% - 50% - 2:14
2 - 58% - 50% - 3:08
PK3 Forward
1 - 0% - 50%
2 - 0% - 50%
PK3 Defense
1 - 0% - 50%
2 - 0% - 50%
44 Forward
1 - 0% - 50%
2 - 0% - 50%
44 Defense
1 - 0% - 50%
2 - 0% - 50%
Last Minute Offensive - 0:00
Last Minute Defensive - 0:00
Total
Forward - 60:00
Defense - 60:00
|
% Time on Ice - Tucson Roadrunners
Lines # - Real PCT - Wanted PCT - Time Play
Normal Forward
1 - 29% - 30% - 14:01
2 - 31% - 30% - 15:20
3 - 27% - 25% - 13:02
4 - 13% - 15% - 6:27
Normal Defense
1 - 30% - 30% - 14:44
2 - 31% - 30% - 14:57
3 - 25% - 25% - 12:10
4 - 14% - 15% - 6:59
PP Forward
1 - 55% - 50% - 2:57
2 - 45% - 50% - 2:25
PP Defense
1 - 37% - 50% - 1:58
2 - 63% - 50% - 3:24
PK Forward
1 - 55% - 50% - 2:20
2 - 45% - 50% - 1:53
PK Defense
1 - 53% - 50% - 2:15
2 - 47% - 50% - 1:58
PK3 Forward
1 - 49% - 50% - 0:47
2 - 51% - 50% - 0:48
PK3 Defense
1 - 56% - 50% - 0:53
2 - 44% - 50% - 0:42
44 Forward
1 - 0% - 50%
2 - 0% - 50%
44 Defense
1 - 0% - 50%
2 - 0% - 50%
Last Minute Offensive - 0:00
Last Minute Defensive - 0:00
Total
Forward - 60:00
Defense - 60:00
|
Play-by-Play
1st period
0:01 of 1st period - Mathieu Perreault wins face-off versus Justin Danforth in neutral zone.
0:12 of 1st period - Matthew Nieto is hit by Andy Greene and loses puck.
0:26 of 1st period - Ryan Lindgren is hit by Robert Hagg and loses puck.
1:42 of 1st period - Wrist shot by Cole Caufield.
1:42 of 1st period - Stopped by Martin Jones with a rebound.
1:44 of 1st period - Wrist shot by Sam Carrick.
1:44 of 1st period - Shot Misses the Net.
1:46 of 1st period - Snap shot by Drake Caggiula.
1:46 of 1st period - Stopped by Martin Jones with a rebound.
2:02 of 1st period - Wrist shot by Brian Boyle.
2:02 of 1st period - Shot Misses the Net.
3:14 of 1st period - Andy Greene is hit by Owen Sillinger and loses puck.
4:05 of 1st period - Matthew Nieto is hit by Sam Carrick.
5:30 of 1st period - Icing by Andy Greene.
5:31 of 1st period - Mikhail Maltsev wins face-off versus Brian Boyle in Rock Island Raccoons zone.
5:34 of 1st period - Wrist shot by Mikhail Maltsev.
5:34 of 1st period - Shot Blocked by Nate Thompson.
5:48 of 1st period - Snap shot by Scott Reedy.
5:48 of 1st period - Deflect By Marian Studenic.
5:48 of 1st period - Shot Blocked by Andy Greene.
5:48 of 1st period - Puck is out of play.
5:49 of 1st period - Sam Carrick wins face-off versus Matthew Highmore in Rock Island Raccoons zone.
6:02 of 1st period - Wrist shot by Cole Caufield.
6:02 of 1st period - Stopped by Martin Jones without a rebound.
6:03 of 1st period - Filip Chytil wins face-off versus Ben Jones in Tucson Roadrunners zone.
6:18 of 1st period - Wrist shot by Andrew Ladd.
6:18 of 1st period - Shot Blocked by Robert Hagg.
7:11 of 1st period - Snap shot by Mathieu Perreault.
7:11 of 1st period - Shot Blocked by Ben Jones.
7:23 of 1st period - Drake Caggiula is hit by Simon Benoit and loses puck.
7:34 of 1st period - Drake Caggiula is hit by Matthew Nieto and loses puck.
7:39 of 1st period - Snap shot by Justin Danforth.
7:39 of 1st period - Stopped by Braden Holtby without a rebound.
7:40 of 1st period - Mathieu Perreault wins face-off versus Justin Danforth in Rock Island Raccoons zone.
7:40 of 1st period - Cole Caufield is hit by Michal Kempny and loses puck.
7:47 of 1st period - Slapshot by Cole Caufield.
7:47 of 1st period - Shot Blocked by Justin Danforth.
7:49 of 1st period - Slapshot by Ryan Lindgren.
7:49 of 1st period - Deflect By Matthew Nieto.
7:49 of 1st period - Stopped by Martin Jones without a rebound.
7:50 of 1st period - Mathieu Perreault wins face-off versus Scott Reedy in Tucson Roadrunners zone.
8:00 of 1st period - Icing by Cole Caufield.
8:01 of 1st period - Ben Jones wins face-off versus Mathieu Perreault in Rock Island Raccoons zone.
8:15 of 1st period - Wrist shot by Mathieu Perreault.
8:15 of 1st period - Stopped by Martin Jones with a rebound.
8:17 of 1st period - Backhand shot by Brendan Smith.
8:17 of 1st period - Stopped by Martin Jones with a rebound.
8:19 of 1st period - Snap shot by Cole Caufield.
8:19 of 1st period - Deflect By Mathieu Perreault.
8:19 of 1st period - Stopped by Martin Jones with a rebound.
8:35 of 1st period - Snap shot by Cole Caufield.
8:35 of 1st period - Stopped by Martin Jones with a rebound.
8:37 of 1st period - Snap shot by Brendan Smith.
8:37 of 1st period - Stopped by Martin Jones without a rebound.
8:38 of 1st period - Scott Reedy wins face-off versus Filip Chytil in Tucson Roadrunners zone.
9:09 of 1st period - Nate Thompson is hit by Ben Jones and loses puck.
9:26 of 1st period - Slapshot by Filip Chytil.
9:26 of 1st period - Deflect By Andrew Ladd.
9:26 of 1st period - Stopped by Martin Jones without a rebound.
9:27 of 1st period - Filip Chytil wins face-off versus Justin Danforth in Tucson Roadrunners zone.
9:30 of 1st period - Wrist shot by Filip Chytil.
9:30 of 1st period - Stopped by Martin Jones with a rebound.
9:32 of 1st period - Wrist shot by Andrew Ladd.
9:32 of 1st period - Stopped by Martin Jones without a rebound.
9:33 of 1st period - Justin Danforth wins face-off versus Sam Carrick in Tucson Roadrunners zone.
9:35 of 1st period - Minor Penalty to Carson Soucy for Hooking.
9:36 of 1st period - Mathieu Perreault wins face-off versus Matthew Nieto in Tucson Roadrunners zone.
9:48 of 1st period - Nick Seeler is hit by Mathieu Perreault and loses puck.
11:26 of 1st period - William Carrier is hit by Greg McKegg and loses puck.
11:33 of 1st period - Wrist shot by Greg McKegg.
11:33 of 1st period - Stopped by Martin Jones with a rebound.
11:35 of 1st period - Penalty to Carson Soucy is over, Carson Soucy is back on ice.
11:35 of 1st period - Slapshot by Ben Harpur.
11:35 of 1st period - Stopped by Martin Jones with a rebound.
11:45 of 1st period - Snap shot by Matthew Nieto.
11:45 of 1st period - Stopped by Braden Holtby without a rebound.
11:46 of 1st period - Mikhail Maltsev wins face-off versus Brian Boyle in Rock Island Raccoons zone.
11:53 of 1st period - Snap shot by Ben Jones.
11:53 of 1st period - Stopped by Braden Holtby with a rebound.
11:55 of 1st period - Snap shot by Mikhail Maltsev.
11:55 of 1st period - Shot Misses the Net.
11:57 of 1st period - Slapshot by Mikhail Maltsev.
11:57 of 1st period - Stopped by Braden Holtby with a rebound.
11:59 of 1st period - Wrist shot by Mikhail Maltsev.
11:59 of 1st period - Shot Misses the Net.
12:01 of 1st period - Snap shot by Simon Benoit.
12:01 of 1st period - Stopped by Braden Holtby without a rebound.
12:02 of 1st period - Dryden Hunt wins face-off versus Mikhail Maltsev in Rock Island Raccoons zone.
12:09 of 1st period - Snap shot by Sam Carrick.
12:09 of 1st period - Shot Misses the Net.
12:11 of 1st period - Wrist shot by Sam Carrick.
12:11 of 1st period - Shot Misses the Net.
12:13 of 1st period - Slapshot by Sam Carrick.
12:13 of 1st period - Shot Misses the Net.
12:15 of 1st period - Slapshot by Sam Carrick.
12:15 of 1st period - Shot Misses the Net.
12:17 of 1st period - Snap shot by Sam Carrick.
12:17 of 1st period - Goal by Sam Carrick - Rock Island Raccoons : 1 - Tucson Roadrunners : 0.
12:18 of 1st period - Mathieu Perreault wins face-off versus Justin Danforth in neutral zone.
12:43 of 1st period - Andrew Ladd is hit by Scott Reedy and loses puck.
13:08 of 1st period - Cole Caufield is hit by Mikhail Maltsev and loses puck.
13:13 of 1st period - Slapshot by Mikhail Maltsev.
13:13 of 1st period - Deflect By Cole Caufield.
13:13 of 1st period - Stopped by Braden Holtby with a rebound.
13:15 of 1st period - Wrist shot by Ben Jones.
13:15 of 1st period - Deflect By Mikhail Maltsev.
13:15 of 1st period - Shot Misses the Net.
13:15 of 1st period - Puck is out of play.
13:16 of 1st period - Justin Danforth wins face-off versus Filip Chytil in Rock Island Raccoons zone.
13:41 of 1st period - Marian Studenic is hit by Cole Caufield and loses puck.
14:33 of 1st period - Andy Greene is hit by Robert Hagg and loses puck.
14:56 of 1st period - Snap shot by Ben Jones.
14:56 of 1st period - Shot Misses the Net.
15:04 of 1st period - Greg McKegg is hit by Matthew Nieto and loses puck.
15:11 of 1st period - Slapshot by Ben Jones.
15:11 of 1st period - Stopped by Braden Holtby with a rebound.
15:14 of 1st period - Icing by Greg McKegg.
15:15 of 1st period - Scott Reedy wins face-off versus Brian Boyle in Rock Island Raccoons zone.
15:53 of 1st period - Snap shot by Nate Thompson.
15:53 of 1st period - Stopped by Martin Jones with a rebound.
15:55 of 1st period - Wrist shot by Brian Boyle.
15:55 of 1st period - Shot Misses the Net.
15:57 of 1st period - Slapshot by Sam Carrick.
15:57 of 1st period - Shot Misses the Net.
15:59 of 1st period - Wrist shot by Greg McKegg.
15:59 of 1st period - Shot Misses the Net.
16:07 of 1st period - Sam Carrick is hit by Carson Soucy and loses puck.
17:40 of 1st period - Cole Caufield is hit by Nick Seeler and loses puck.
17:57 of 1st period - Matthew Nieto is hit by Alex Barre-Boulet and loses puck.
18:02 of 1st period - Snap shot by Brendan Smith.
18:02 of 1st period - Goal by Brendan Smith - Rock Island Raccoons : 2 - Tucson Roadrunners : 0.
18:03 of 1st period - Filip Chytil wins face-off versus Justin Danforth in neutral zone.
18:12 of 1st period - Snap shot by Justin Danforth.
18:12 of 1st period - Shot Misses the Net.
18:14 of 1st period - Slapshot by Robert Hagg.
18:14 of 1st period - Shot Blocked by Ben Harpur.
18:16 of 1st period - Wrist shot by Justin Danforth.
18:16 of 1st period - Stopped by Braden Holtby without a rebound.
18:17 of 1st period - Mathieu Perreault wins face-off versus Marian Studenic in Rock Island Raccoons zone.
18:53 of 1st period - Snap shot by Mikhail Maltsev.
18:53 of 1st period - Stopped by Braden Holtby with a rebound.
19:20 of 1st period - Snap shot by Justin Danforth.
19:20 of 1st period - Deflect By Matthew Highmore.
19:20 of 1st period - Shot Misses the Net.
19:20 of 1st period - Puck is out of play.
19:21 of 1st period - Sam Carrick wins face-off versus Scott Reedy in Rock Island Raccoons zone.
19:55 of 1st period - Nicolas Meloche is hit by Drake Caggiula and loses puck.
Goals for this period are 2 for Rock Island Raccoons vs 0 for Tucson Roadrunners.
Shots for this period are 17 for Rock Island Raccoons vs 9 for Tucson Roadrunners.
2nd period
0:01 of 2nd period - Mathieu Perreault wins face-off versus Justin Danforth in neutral zone.
1:13 of 2nd period - Slapshot by Cole Caufield.
1:13 of 2nd period - Shot Hit the Post.
1:34 of 2nd period - Icing by Andy Greene.
1:35 of 2nd period - Mikhail Maltsev wins face-off versus Sam Carrick in Rock Island Raccoons zone.
1:40 of 2nd period - Backhand shot by Mikhail Maltsev.
1:40 of 2nd period - Shot Blocked by Cole Caufield.
2:31 of 2nd period - Snap shot by Andrew Ladd.
2:31 of 2nd period - Shot Misses the Net.
3:13 of 2nd period - Wrist shot by Greg McKegg.
3:13 of 2nd period - Stopped by Martin Jones with a rebound.
3:27 of 2nd period - Snap shot by Cole Caufield.
3:27 of 2nd period - Stopped by Martin Jones with a rebound.
3:41 of 2nd period - Ben Jones is hit by Sam Carrick and loses puck.
4:39 of 2nd period - Snap shot by Filip Chytil.
4:39 of 2nd period - Shot Misses the Net.
5:11 of 2nd period - Ryan Lindgren is hit by Carson Soucy and loses puck.
5:40 of 2nd period - Scott Reedy is hit by Brian Boyle and loses puck.
8:48 of 2nd period - Minor Penalty to Ben Harpur for Holding.
8:49 of 2nd period - Scott Reedy wins face-off versus Cole Caufield in Rock Island Raccoons zone.
9:22 of 2nd period - Wrist shot by Justin Danforth.
9:22 of 2nd period - Stopped by Braden Holtby with a rebound.
9:39 of 2nd period - Off-side.
9:40 of 2nd period - William Carrier wins face-off versus Andrew Ladd in neutral zone.
10:08 of 2nd period - Snap shot by Matthew Highmore.
10:08 of 2nd period - Deflect By Justin Danforth.
10:08 of 2nd period - Goal by Justin Danforth - Rock Island Raccoons : 2 - Tucson Roadrunners : 1.
10:09 of 2nd period - Justin Danforth wins face-off versus Sam Carrick in neutral zone.
10:57 of 2nd period - Snap shot by Mikhail Maltsev.
10:57 of 2nd period - Shot Misses the Net.
11:13 of 2nd period - Slapshot by Drake Caggiula.
11:13 of 2nd period - Stopped by Martin Jones without a rebound.
11:14 of 2nd period - Mathieu Perreault wins face-off versus Justin Danforth in Tucson Roadrunners zone.
11:41 of 2nd period - Sam Carrick is hit by Marian Studenic.
12:05 of 2nd period - Snap shot by Mikhail Maltsev.
12:05 of 2nd period - Shot Blocked by Ben Harpur.
12:49 of 2nd period - Nick Seeler is hit by Sam Carrick and loses puck.
13:12 of 2nd period - Andy Greene is hit by Nick Seeler.
14:27 of 2nd period - Marian Studenic is hit by Filip Chytil and loses puck.
14:46 of 2nd period - Nicolas Meloche is hit by Brian Boyle and loses puck.
15:45 of 2nd period - Mathieu Perreault is hit by Matthew Highmore and loses puck.
16:16 of 2nd period - Dryden Hunt is hit by Scott Reedy and loses puck.
18:19 of 2nd period - Nick Seeler is hit by Sam Carrick and loses puck.
18:56 of 2nd period - Nicolas Meloche is hit by Dryden Hunt and loses puck.
19:58 of 2nd period - Backhand shot by Filip Chytil.
19:58 of 2nd period - Shot Misses the Net.
Goals for this period are 0 for Rock Island Raccoons vs 1 for Tucson Roadrunners.
Shots for this period are 3 for Rock Island Raccoons vs 2 for Tucson Roadrunners.
3rd period
0:01 of 3rd period - Matthew Highmore wins face-off versus Mathieu Perreault in neutral zone.
0:04 of 3rd period - Wrist shot by Justin Danforth.
0:04 of 3rd period - Stopped by Braden Holtby with a rebound.
0:06 of 3rd period - Slapshot by Carson Soucy.
0:06 of 3rd period - Shot Misses the Net.
0:34 of 3rd period - Andrew Ladd is hit by Carson Soucy and loses puck.
0:49 of 3rd period - Slapshot by Carson Soucy.
0:49 of 3rd period - Stopped by Braden Holtby without a rebound.
0:50 of 3rd period - Ben Jones wins face-off versus Greg McKegg in Rock Island Raccoons zone.
0:51 of 3rd period - Snap shot by Mikhail Maltsev.
0:51 of 3rd period - Shot Misses the Net.
0:53 of 3rd period - Wrist shot by Lukas Rousek.
0:53 of 3rd period - Shot Misses the Net.
0:55 of 3rd period - Wrist shot by Simon Benoit.
0:55 of 3rd period - Stopped by Braden Holtby without a rebound.
0:56 of 3rd period - Matthew Nieto wins face-off versus Brendan Smith in Rock Island Raccoons zone.
1:01 of 3rd period - Wrist shot by Matthew Nieto.
1:01 of 3rd period - Shot Misses the Net.
1:11 of 3rd period - Snap shot by Matthew Nieto.
1:11 of 3rd period - Stopped by Braden Holtby without a rebound.
1:12 of 3rd period - Filip Chytil wins face-off versus Scott Reedy in Rock Island Raccoons zone.
1:17 of 3rd period - Andrew Ladd is hit by Marian Studenic and loses puck.
1:28 of 3rd period - Wrist shot by Scott Reedy.
1:28 of 3rd period - Shot Misses the Net.
1:34 of 3rd period - Minor Penalty to Ryan Lindgren for Hooking.
1:35 of 3rd period - Justin Danforth wins face-off versus Filip Chytil in Rock Island Raccoons zone.
1:38 of 3rd period - Snap shot by Justin Danforth.
1:38 of 3rd period - Goal by Justin Danforth - Rock Island Raccoons : 2 - Tucson Roadrunners : 2.
1:39 of 3rd period - Mathieu Perreault wins face-off versus Matthew Highmore in neutral zone.
1:52 of 3rd period - Snap shot by Mathieu Perreault.
1:52 of 3rd period - Shot Misses the Net.
2:04 of 3rd period - Scott Reedy is hit by Andy Greene and loses puck.
2:23 of 3rd period - Snap shot by Mikhail Maltsev.
2:23 of 3rd period - Deflect By Lukas Rousek.
2:23 of 3rd period - Stopped by Braden Holtby with a rebound.
2:25 of 3rd period - Snap shot by Ben Jones.
2:25 of 3rd period - Stopped by Braden Holtby without a rebound.
2:26 of 3rd period - Mikhail Maltsev wins face-off versus Nate Thompson in Rock Island Raccoons zone.
3:05 of 3rd period - Off-side.
3:06 of 3rd period - Justin Danforth wins face-off versus Mathieu Perreault in neutral zone.
3:11 of 3rd period - Wrist shot by Matthew Highmore.
3:11 of 3rd period - Deflect By Matthew Nieto.
3:11 of 3rd period - Shot Misses the Net.
3:11 of 3rd period - Puck is out of play.
3:12 of 3rd period - Mathieu Perreault wins face-off versus Justin Danforth in Rock Island Raccoons zone.
3:12 of 3rd period - Mathieu Perreault is hit by Matthew Highmore.
3:44 of 3rd period - Snap shot by Justin Danforth.
3:44 of 3rd period - Stopped by Braden Holtby with a rebound.
3:46 of 3rd period - Snap shot by Matthew Highmore.
3:46 of 3rd period - Shot Misses the Net.
3:48 of 3rd period - Wrist shot by Matthew Nieto.
3:48 of 3rd period - Shot Blocked by Mathieu Perreault.
4:00 of 3rd period - Snap shot by Matthew Nieto.
4:00 of 3rd period - Stopped by Braden Holtby with a rebound.
4:06 of 3rd period - Snap shot by Matthew Nieto.
4:06 of 3rd period - Stopped by Braden Holtby without a rebound.
4:07 of 3rd period - Brian Boyle wins face-off versus Marian Studenic in Rock Island Raccoons zone.
4:07 of 3rd period - Brian Boyle is hit by Scott Reedy.
4:19 of 3rd period - Snap shot by William Carrier.
4:19 of 3rd period - Shot Hit the Post.
4:21 of 3rd period - Slapshot by Michal Kempny.
4:21 of 3rd period - Stopped by Braden Holtby with a rebound.
4:54 of 3rd period - Wrist shot by William Carrier.
4:54 of 3rd period - Stopped by Braden Holtby with a rebound.
4:56 of 3rd period - Slapshot by Robert Hagg.
4:56 of 3rd period - Shot Blocked by Cole Caufield.
5:32 of 3rd period - Lukas Rousek is hit by Drake Caggiula and loses puck.
5:51 of 3rd period - Minor Penalty to Ben Harpur for Roughing.
5:52 of 3rd period - Scott Reedy wins face-off versus Cole Caufield in Rock Island Raccoons zone.
6:03 of 3rd period - Wrist shot by Marian Studenic.
6:03 of 3rd period - Shot Misses the Net.
6:05 of 3rd period - Slapshot by Simon Benoit.
6:05 of 3rd period - Shot Blocked by Andy Greene.
6:07 of 3rd period - Snap shot by Marian Studenic.
6:07 of 3rd period - Shot Blocked by Andy Greene.
6:23 of 3rd period - Slapshot by Nicolas Meloche.
6:23 of 3rd period - Stopped by Braden Holtby with a rebound.
7:51 of 3rd period - Penalty to Ben Harpur is over, Ben Harpur is back on ice.
8:01 of 3rd period - Snap shot by Brian Boyle.
8:01 of 3rd period - Stopped by Martin Jones without a rebound.
8:02 of 3rd period - Alex Barre-Boulet wins face-off versus Lukas Rousek in Tucson Roadrunners zone.
8:03 of 3rd period - Wrist shot by Cole Caufield.
8:03 of 3rd period - Stopped by Martin Jones with a rebound.
8:05 of 3rd period - Backhand shot by Dryden Hunt.
8:05 of 3rd period - Goal by Dryden Hunt - Rock Island Raccoons : 3 - Tucson Roadrunners : 2.
8:06 of 3rd period - Sam Carrick wins face-off versus Ben Jones in neutral zone.
8:31 of 3rd period - Robert Hagg is hit by Filip Chytil and loses puck.
8:38 of 3rd period - Filip Chytil is hit by Scott Reedy and loses puck.
8:51 of 3rd period - Slapshot by Ryan Lindgren.
8:51 of 3rd period - Shot Misses the Net.
8:53 of 3rd period - Slapshot by Ryan Lindgren.
8:53 of 3rd period - Deflect By Justin Danforth.
8:53 of 3rd period - Stopped by Martin Jones without a rebound.
8:54 of 3rd period - Justin Danforth wins face-off versus Brian Boyle in Tucson Roadrunners zone.
9:22 of 3rd period - Sam Carrick is hit by Scott Reedy and loses puck.
9:38 of 3rd period - Icing by Marian Studenic.
9:39 of 3rd period - Filip Chytil wins face-off versus Mikhail Maltsev in Tucson Roadrunners zone.
9:50 of 3rd period - Wrist shot by Andrew Ladd.
9:50 of 3rd period - Goal by Andrew Ladd - Rock Island Raccoons : 4 - Tucson Roadrunners : 2.
9:51 of 3rd period - Mathieu Perreault wins face-off versus Ben Jones in neutral zone.
9:54 of 3rd period - Wrist shot by Cole Caufield.
9:54 of 3rd period - Stopped by Martin Jones without a rebound.
9:55 of 3rd period - Ben Jones wins face-off versus Mathieu Perreault in Tucson Roadrunners zone.
9:59 of 3rd period - Andre Lee is hit by Cole Caufield and loses puck.
10:07 of 3rd period - Wrist shot by Nick Seeler.
10:07 of 3rd period - Deflect By Mathieu Perreault.
10:07 of 3rd period - Stopped by Braden Holtby without a rebound.
10:08 of 3rd period - Justin Danforth wins face-off versus Mathieu Perreault in Rock Island Raccoons zone.
10:09 of 3rd period - Wrist shot by Matthew Nieto.
10:09 of 3rd period - Stopped by Braden Holtby with a rebound.
10:27 of 3rd period - Nicolas Meloche is hit by Brendan Smith and loses puck.
10:40 of 3rd period - Wrist shot by Matthew Nieto.
10:40 of 3rd period - Shot Misses the Net.
11:54 of 3rd period - Minor Penalty to Andrew Ladd for Hooking.
11:55 of 3rd period - Brian Boyle wins face-off versus Scott Reedy in Rock Island Raccoons zone.
12:26 of 3rd period - Snap shot by Matthew Highmore.
12:26 of 3rd period - Shot Misses the Net.
12:33 of 3rd period - Icing by Matthew Highmore.
12:34 of 3rd period - Justin Danforth wins face-off versus Brian Boyle in Tucson Roadrunners zone.
13:01 of 3rd period - Slapshot by Matthew Nieto.
13:01 of 3rd period - Deflect By Mathieu Perreault.
13:01 of 3rd period - Shot Misses the Net.
13:01 of 3rd period - Puck is out of play.
13:02 of 3rd period - Scott Reedy wins face-off versus Brian Boyle in Rock Island Raccoons zone.
13:54 of 3rd period - Penalty to Andrew Ladd is over, Andrew Ladd is back on ice.
14:12 of 3rd period - Dryden Hunt is hit by Mikhail Maltsev and loses puck.
14:25 of 3rd period - Slapshot by Logan Stanley.
14:25 of 3rd period - Deflect By Drake Caggiula.
14:25 of 3rd period - Stopped by Martin Jones with a rebound.
14:48 of 3rd period - Off-side.
14:49 of 3rd period - Andrew Ladd wins face-off versus Scott Reedy in neutral zone.
14:56 of 3rd period - Wrist shot by Drake Caggiula.
14:56 of 3rd period - Stopped by Martin Jones without a rebound.
14:57 of 3rd period - Alex Barre-Boulet wins face-off versus Scott Reedy in Tucson Roadrunners zone.
15:19 of 3rd period - Minor Penalty to Marian Studenic for Interference.
15:20 of 3rd period - Filip Chytil wins face-off versus Justin Danforth in Tucson Roadrunners zone.
15:43 of 3rd period - Minor Penalty to Simon Benoit for Goalie Interference.
15:44 of 3rd period - Matthew Nieto wins face-off versus Cole Caufield in Tucson Roadrunners zone.
16:09 of 3rd period - Matthew Nieto is hit by Andrew Ladd and loses puck.
17:19 of 3rd period - Penalty to Marian Studenic is over, Marian Studenic is back on ice.
17:43 of 3rd period - Penalty to Simon Benoit is over, Simon Benoit is back on ice.
17:58 of 3rd period - Slapshot by Justin Danforth.
17:58 of 3rd period - Stopped by Braden Holtby with a rebound.
18:00 of 3rd period - Slapshot by Nick Seeler.
18:00 of 3rd period - Stopped by Braden Holtby with a rebound.
18:02 of 3rd period - Slapshot by Simon Benoit.
18:02 of 3rd period - Shot Misses the Net.
18:04 of 3rd period - Snap shot by Scott Reedy.
18:04 of 3rd period - Stopped by Braden Holtby without a rebound.
18:05 of 3rd period - Filip Chytil wins face-off versus Mikhail Maltsev in Rock Island Raccoons zone.
18:26 of 3rd period - Marian Studenic is hit by Andrew Ladd and loses puck.
18:33 of 3rd period - Minor Penalty to Carson Soucy for Roughing.
18:34 of 3rd period - Mathieu Perreault wins face-off versus Matthew Nieto in Tucson Roadrunners zone.
19:02 of 3rd period - Snap shot by Drake Caggiula.
19:02 of 3rd period - Deflect By Filip Chytil.
19:02 of 3rd period - Shot Blocked by Matthew Nieto.
19:02 of 3rd period - Puck is out of play.
19:03 of 3rd period - Filip Chytil wins face-off versus Justin Danforth in Tucson Roadrunners zone.
19:10 of 3rd period - Wrist shot by Filip Chytil.
19:10 of 3rd period - Stopped by Martin Jones with a rebound.
19:31 of 3rd period - Icing by Brendan Smith.
19:32 of 3rd period - Matthew Nieto wins face-off versus Mathieu Perreault in Rock Island Raccoons zone.
19:33 of 3rd period - Wrist shot by William Carrier.
19:33 of 3rd period - Shot Misses the Net.
Goals for this period are 2 for Rock Island Raccoons vs 1 for Tucson Roadrunners.
Shots for this period are 9 for Rock Island Raccoons vs 18 for Tucson Roadrunners.
Back to the Top